 Dungeon Crawl Stone Soup version 0.19.0-18-g426998a (webtiles) character file.

205 grisgris the Conjurer (level 5, -3/28 HPs)
             Began as a Deep Elf Conjurer on Nov 11, 2016.
             Slain by a killer bee (6 damage)
             ... on level 3 of the Dungeon.
             The game lasted 00:07:03 (2474 turns).

grisgris the Conjurer (Deep Elf Conjurer)           Turns: 2474, Time: 00:07:04

Health: -3/28      AC:  4    Str:  5    XL:     5   Next: 53%
Magic:  4/13       EV: 13    Int: 21    God:
Gold:   134        SH:  0    Dex: 15    Spells: 4 memorised, 1 level left

rFire  . . .     SeeInvis .     e - +0 dagger
rCold  . . .     Gourm    .     a - +0 robe
rNeg   . . .     Faith    .     (no shield)
rPois  .         Spirit   .     (no helmet)
rElec  .         Reflect  .     g - +0 cloak
rCorr  .         Harm     .     h - +0 pair of gloves
MR     .....                    (no boots)
Stlth  ++........               (no amulet)
                                (no ring)
                                (no ring)

@: lethally poisoned (-3 -> -7)
A: no striking features
a: no special abilities


You were on level 3 of the Dungeon.
You were not hungry.

You visited 1 branch of the dungeon, and saw 3 of its levels.

You collected 134 gold pieces.

Inventory:

Hand Weapons
 e - a +0 dagger (weapon)
Armour
 a - a +0 robe (worn)
 g - a +0 cloak (worn)
 h - a +0 pair of gloves (worn)
Jewellery
 t - an uncursed ring of protection from cold {unknown}
Scrolls
 n - 2 scrolls of amnesia
 o - a scroll of enchant weapon {unknown}
 q - a scroll of fog {unknown}
Potions
 f - a potion of flight
 i - a potion of cure mutation {unknown}
 j - 2 potions of lignification {unknown}
 k - 2 potions of agility
 m - 2 potions of heal wounds {unknown}
 p - a potion of curing {unknown}
Books
 b - a book of Conjurations

   Spells                             Type                      Level
   a - Magic Dart                     Conjuration                  1
   b - Searing Ray                    Conjuration                  2
   c - Dazzling Spray                 Conjuration/Hexes            3
   d - Fulminant Prism                Conjuration/Hexes            4
   e - Iskenderun's Mystic Blast      Conjuration                  4
   f - Iskenderun's Battlesphere      Conjuration/Charms           5
 u - a book of Misfortune

   Spells                             Type                      Level
   a - Confusing Touch                Hexes                        1
   b - Confuse                        Hexes                        3
   c - Gell's Gravitas                Hexes/Translocation          3
   d - Petrify                        Transmutation/Earth          4
   e - Metabolic Englaciation         Hexes/Ice                    5
   f - Yara's Violent Unravelling     Hexes/Transmutation          5
Comestibles
 c - a bread ration
 d - a royal jelly
 l - 2 meat rations
 r - a chunk of flesh
 s - a beef jerky


   Skills:
 + Level 0.2 Short Blades
 + Level 2.8 Dodging
 + Level 3.1 Stealth
 + Level 4.6 Spellcasting
 + Level 6.4 Conjurations
 * Level 0.8 Charms


You had one spell level left.
You knew the following spells:

 Your Spells              Type           Power        Failure   Level  Hunger
a - Magic Dart            Conj           ####         1%          1    None
b - Searing Ray           Conj           ####..       1%          2    #......
c - Iskenderun's Mystic   Conj           ####....     10%         4    ####...
d - Iskenderun's Battles  Conj/Chrm      ###.....     78%         5    ######.


Dungeon Overview and Level Annotations

Branches:
Dungeon (3/15)

Altars:
Ru


Message History

The killer bee misses you. The killer bee stings you.
The searing ray hits the killer bee.
The killer bee is almost dead.
You feel sick. The killer bee barely misses you.
The killer bee closely misses you.
The searing ray hits the killer bee.
You kill the killer bee!
Your Stealth skill increases to level 3!
The killer bee stings you.
* * * LOW HITPOINT WARNING * * *
Casting: Searing Ray
Confirm with . or Enter, or press ? or * to list all spells.
Aiming: Magic Dart
Press: ? - help, Shift-Dir - straight line, f/p - killer bee
Aim: a killer bee (moderately wounded)
The magic dart hits the killer bee.
The killer bee is heavily wounded.
* * * LOW HITPOINT WARNING * * *
You feel sick. The killer bee stings you.
You die...

###.....[........#
#.#÷#.#.####...####
#......... ........
# #.###>######.#...
.. # #.#
#.######.#.####.≈≈
# #)#
#.#†............≈.
# #)#
#.#.##..........≈.
# #.#
#.#.##..##.####≈≈ #
#.# #.......##@#
###.# #.#.###.##y#
....###.#.# #.##.#
..........#
#......y.≈.y
...########
####.....≈.. ####
######≈≈≈ ##


You could see a killer bee.

Vanquished Creatures
  A killer bee (D:3)
  Jessica (D:2)
  Natasha (D:2)
  3 gnolls (D:3)
  2 adders (D:2)
  2 dart slugs
  6 orcs (D:3)
  4 giant cockroaches
  4 hobgoblins
  4 jackals (D:1)
  3 quokkas (D:2)
  A ball python (D:3)
  6 bats
  6 frilled lizards
  2 goblins
  6 kobolds
  7 rats
59 creatures vanquished.

Notes
Turn   | Place    | Note
-------+----------+-------------------------------------------
     0 | D:1      | grisgris the Deep Elf Conjurer began the quest for the Orb.
     0 | D:1      | Reached XP level 1. HP: 10/10 MP: 6/6
   357 | D:1      | Reached XP level 2. HP: 15/15 MP: 5/8
   361 | D:1      | Learned a level 2 spell: Searing Ray
   506 | D:1      | Reached skill level 5 in Conjurations
  1022 | D:2      | Reached XP level 3. HP: 19/19 MP: 6/10
  1092 | D:2      | Found a sacrificial altar of Ru.
  1429 | D:2      | Noticed Natasha
  1432 | D:2      | Killed Natasha
  1432 | D:2      | Reached XP level 4. HP: 24/24 MP: 8/12
  1647 | D:2      | Noticed Jessica
  1652 | D:2      | Killed Jessica
  1973 | D:3      | Reached skill level 6 in Conjurations
  2152 | D:3      | Reached XP level 5. HP: 19/28 MP: 5/13
  2300 | D:3      | Learned a level 4 spell: Iskenderun's Mystic Blast
  2306 | D:3      | Learned a level 5 spell: Iskenderun's Battlesphere
  2474 | D:3      | Slain by a killer bee

Skill      XL: |  1  2  3  4  5 |
---------------+----------------+-----
Conjurations   | 5 6 |  6.4
Spellcasting   | 4 |  4.6
Stealth        | 3 |  3.1
Short Blades   | |  0.2
Dodging        | |  2.8
Charms         | |  0.8

Action                   |  1- 3 |  4- 6 || total
-------------------------+-------+-------++-------
Melee: Dagger            |     8 |       ||     8
 Cast: Magic Dart        |    51 |    36 ||    87
       Searing Ray       |     3 |     7 ||    10
  Use: Scroll            |     4 |     1 ||     5
  Eat: Bread ration      |     1 |       ||     1
Armor: Robe              |     4 |     5 ||     9
Dodge: Dodged            |    20 |    11 ||    31
